[Event "Deutsche Schachbundesliga 2010/11"]
[Site "Germany"]
[Date "2011.04.10"]
[Round "15"]
[White "Volokitin, Andrei"]
[Black "Bogner, Sebastian"]
[Result "1-0"]
[ECO "B90"]
[WhiteElo "2661"]
[BlackElo "2549"]
[Annotator "Robot 3"]
[PlyCount "33"]
[EventDate "2011.??.??"]
[WhiteTeam "Katernberg"]
[BlackTeam "Wattenscheid"]
[TimeControl "40/6000+30:20/3000+30:900+30"]

1. e4 c5 2. Nf3 d6 3. d4 cxd4 4. Nxd4 Nf6 5. Nc3 a6 6. Be3 e5 7. Nf3 Qc7 8. a4
Nbd7 9. Nd2 Be7 10. a5 b5 11. axb6 Nxb6 12. Bxb6 Qxb6 13. Bb5+ Kf8 14. Nc4 Qc5
15. Qd3 axb5 16. Rxa8 bxc4 17. Qh3 1-0

[Event "Deutsche Schachbundesliga 2010/11"]
[Site "Germany"]
[Date "2011.04.10"]
[Round "15"]
[White "Belezky, Alexander"]
[Black "Ragger, Markus"]
[Result "0-1"]
[ECO "A07"]
[WhiteElo "2454"]
[BlackElo "2628"]
[Annotator "Robot 3"]
[PlyCount "72"]
[EventDate "2011.??.??"]
[WhiteTeam "München"]
[BlackTeam "SG Solingen"]
[TimeControl "40/6000+30:20/3000+30:900+30"]

1. Nf3 d5 2. g3 c6 3. Bg2 Bg4 4. b3 Nf6 5. Bb2 Nbd7 6. d3 e6 7. Nbd2 Bd6 8. O-O
O-O 9. e4 e5 10. Qe1 Re8 11. Nh4 a5 12. a3 Qc7 13. Nf5 Bxf5 14. exf5 a4 15. b4
c5 16. b5 e4 17. dxe4 c4 18. Bd4 Rac8 19. Qd1 c3 20. Nf3 dxe4 21. Nh4 Bc5 22.
Bxc5 Qxc5 23. Qe2 Ne5 24. Rfb1 Nc4 25. Rb4 Red8 26. Bf1 Nxa3 27. Rxa4 Nxc2 28.
Rd1 Nd4 29. Qe3 c2 30. Rc1 Ng4 31. Qxe4 Nxf2 32. Kxf2 Nb3+ 33. Kg2 Nxc1 34. Rc4
Nd3 35. Rxc5 Rxc5 36. Qe7 Rcc8 0-1

[Event "Deutsche Schachbundesliga 2010/11"]
[Site "Germany"]
[Date "2011.04.10"]
[Round "15"]
[White "Bromberger, Stefan"]
[Black "Werle, Jan"]
[Result "1/2-1/2"]
[ECO "C89"]
[WhiteElo "2530"]
[BlackElo "2574"]
[Annotator "Robot 3"]
[PlyCount "115"]
[EventDate "2011.??.??"]
[WhiteTeam "München"]
[BlackTeam "SG Solingen"]
[TimeControl "40/6000+30:20/3000+30:900+30"]

1. e4 e5 2. Nf3 Nc6 3. Bb5 a6 4. Ba4 Nf6 5. O-O Be7 6. Re1 b5 7. Bb3 O-O 8. c3
d5 9. exd5 Nxd5 10. Nxe5 Nxe5 11. Rxe5 c6 12. d4 Bd6 13. Re1 Qh4 14. g3 Qh3 15.
Be3 Bg4 16. Qd3 Rae8 17. Nd2 Qh5 18. Bc2 f5 19. f3 Bh3 20. Bf2 Nf4 21. gxf4
Bxf4 22. Bg3 Qg5 23. Bb3+ Kh8 24. Nf1 h5 25. Rxe8 Rxe8 26. Bf7 Re7 27. Bxh5
Bxf1 28. Kxf1 Bxg3 29. hxg3 Qxh5 30. Kg2 Qf7 31. g4 Qe6 32. Qxf5 Qxf5 33. gxf5
Re2+ 34. Kg3 Rxb2 35. Rh1+ Kg8 36. Rh2 Rb1 37. Rc2 Kf7 38. Kf4 a5 39. Ke5 Ke7
40. Rg2 Re1+ 41. Kf4 Kf7 42. Rg6 Ra1 43. Rxc6 Rxa2 44. Rb6 Rb2 45. Ke5 Re2+ 46.
Kd6 Re3 47. Rxb5 Rxc3 48. Rxa5 Rxf3 49. Kc6 Kf6 50. d5 Kxf5 51. Kd7 Rd3 52. d6+
Kf6 53. Ra6 g5 54. Ke8 g4 55. d7+ Kf5 56. d8=Q Rxd8+ 57. Kxd8 g3 58. Ke7
1/2-1/2

[Event "Deutsche Schachbundesliga 2010/11"]
[Site "Germany"]
[Date "2011.04.10"]
[Round "15"]
[White "Deglmann, Ludwig"]
[Black "Hoffmann, Michael"]
[Result "1/2-1/2"]
[ECO "A29"]
[WhiteElo "2397"]
[BlackElo "2510"]
[Annotator "Robot 3"]
[PlyCount "40"]
[EventDate "2011.??.??"]
[WhiteTeam "München"]
[BlackTeam "SG Solingen"]
[TimeControl "40/6000+30:20/3000+30:900+30"]

1. c4 e5 2. g3 Nf6 3. Bg2 d5 4. cxd5 Nxd5 5. Nf3 Nc6 6. O-O Nb6 7. Nc3 Be7 8.
a4 a5 9. Nb5 O-O 10. d4 exd4 11. Nfxd4 Nxd4 12. Nxd4 c6 13. Qd3 Nd5 14. Rd1 Nb4
15. Qb3 Qb6 16. Be3 c5 17. Nb5 Be6 18. Qc3 Rfd8 19. Bf4 Rxd1+ 20. Rxd1 Rd8
1/2-1/2

[Event "Deutsche Schachbundesliga 2010/11"]
[Site "Germany"]
[Date "2011.04.10"]
[Round "15"]
[White "Ernst, Sipke"]
[Black "Reich, Thomas"]
[Result "1/2-1/2"]
[ECO "C14"]
[WhiteElo "2587"]
[BlackElo "2350"]
[Annotator "Robot 3"]
[PlyCount "108"]
[EventDate "2011.??.??"]
[WhiteTeam "SG Solingen"]
[BlackTeam "München"]
[TimeControl "40/6000+30:20/3000+30:900+30"]

1. d4 Nf6 2. Bg5 e6 3. e4 d5 4. Nc3 Be7 5. e5 Nfd7 6. h4 Bxg5 7. hxg5 Qxg5 8.
Nh3 Qe7 9. Nf4 Nc6 10. Qd2 Nb6 11. Nh5 Rg8 12. Bd3 Bd7 13. Bxh7 Rh8 14. Nxg7+
Kd8 15. Rh6 Kc8 16. Bd3 Rxh6 17. Qxh6 Nxd4 18. O-O-O c5 19. Nh5 Kc7 20. Nf6 Rc8
21. Qf4 Rh8 22. g4 a6 23. Ncxd5+ Nxd5 24. Nxd5+ exd5 25. e6+ Qd6 26. Qxd6+ Kxd6
27. exd7 Kxd7 28. c3 Nc6 29. Be4 d4 30. cxd4 Nxd4 31. Bxb7 a5 32. Rh1 Re8 33.
Ba6 Re4 34. Rh5 Kd6 35. Rh6+ Ke5 36. Rh5+ Kd6 37. Rh6+ Ke5 38. Bc4 Rf4 39. Rh5+
Kd6 40. Rh6+ Ke5 41. Rh5+ Kd6 42. Rh7 Ne6 43. Bxe6 fxe6 44. g5 Rxf2 45. g6 Rg2
46. Rg7 Ke5 47. Rg8 Ke4 48. g7 e5 49. b3 Ke3 50. a3 Ke4 51. a4 Ke3 52. Kb1 Ke4
53. Kc1 Ke3 54. Kb1 Ke4 1/2-1/2

[Event "Deutsche Schachbundesliga 2010/11"]
[Site "Germany"]
[Date "2011.04.10"]
[Round "15"]
[White "Gabriel, Christian"]
[Black "Unzicker, Ferdinand"]
[Result "1/2-1/2"]
[ECO "D30"]
[WhiteElo "2500"]
[BlackElo "2330"]
[Annotator "Robot 3"]
[PlyCount "59"]
[EventDate "2011.??.??"]
[WhiteTeam "SG Solingen"]
[BlackTeam "München"]
[TimeControl "40/6000+30:20/3000+30:900+30"]

1. d4 d5 2. c4 e6 3. Nf3 Nf6 4. Bg5 Nbd7 5. e3 Be7 6. Nbd2 h6 7. Bh4 O-O 8. Rc1
c5 9. cxd5 Nxd5 10. Bg3 b6 11. Bc4 Bb7 12. O-O a6 13. a4 cxd4 14. exd4 N7f6 15.
Re1 Nh5 16. Bxd5 Bxd5 17. Bc7 Qc8 18. Bxb6 Qb7 19. a5 Rac8 20. Re3 Bb4 21. Nb1
Rxc1 22. Qxc1 Rc8 23. Nc3 Nf6 24. Ne5 Ne4 25. Qa1 Nd2 26. Qe1 Nb3 27. Nd3 Bxa5
28. Bxa5 Nxa5 29. Nc5 Qb4 30. Nxd5 1/2-1/2

[Event "Deutsche Schachbundesliga 2010/11"]
[Site "Germany"]
[Date "2011.04.10"]
[Round "15"]
[White "Lentrodt, Thomas"]
[Black "Naumann, Alexander"]
[Result "1/2-1/2"]
[ECO "D30"]
[WhiteElo "2340"]
[BlackElo "2544"]
[Annotator "Robot 3"]
[PlyCount "129"]
[EventDate "2011.??.??"]
[WhiteTeam "München"]
[BlackTeam "SG Solingen"]
[TimeControl "40/6000+30:20/3000+30:900+30"]

1. c4 e6 2. d4 d5 3. e3 Nf6 4. Nf3 a6 5. Nbd2 c5 6. dxc5 Bxc5 7. Nb3 Be7 8. Be2
O-O 9. O-O dxc4 10. Bxc4 b5 11. Qxd8 Rxd8 12. Be2 Bb7 13. Bd2 Bd5 14. Nbd4 Nbd7
15. Rfc1 Rdc8 16. a3 g6 17. Rxc8+ Rxc8 18. Rc1 Rxc1+ 19. Bxc1 e5 20. Nc2 Ne8
21. Bd2 Nd6 22. Bb4 f6 23. Nd2 Kf7 24. f3 f5 25. Kf1 Nb6 26. b3 Bb7 27. Ke1 Nd5
28. Bc5 Nc3 29. Bf1 Ke6 30. Bb4 Nd5 31. Bc5 Bd8 32. Nb1 Nb6 33. Bb4 Nd7 34. a4
bxa4 35. bxa4 a5 36. Bd2 Nc5 37. Nc3 Nb3 38. Na3 Nxd2 39. Kxd2 g5 40. Kc2 e4
41. fxe4 Nxe4 42. Ncb5 Nc5 43. Nc3 Bf6 44. Bc4+ Kd7 45. Bb5+ Ke7 46. g3 Be5 47.
Nc4 Bc7 48. Ne2 Ne6 49. Kd2 Kf6 50. Ke1 h5 51. Kf2 h4 52. Nd2 Nc5 53. Nd4 hxg3+
54. hxg3 Ne4+ 55. Nxe4+ Bxe4 56. Bc6 Bb1 57. Ne2 Ke5 58. Nc3 Bc2 59. Bf3 Bb6
60. Ke2 Bb3 61. Kd3 Bc5 62. Bc6 Bb4 63. Ne2 Bd1 64. Nd4 Be1 65. Nf3+ 1/2-1/2

[Event "Deutsche Schachbundesliga 2010/11"]
[Site "Germany"]
[Date "2011.04.10"]
[Round "15"]
[White "Nikolic, Predrag"]
[Black "Boensch, Uwe"]
[Result "1-0"]
[ECO "D55"]
[WhiteElo "2597"]
[BlackElo "2520"]
[Annotator "Robot 3"]
[PlyCount "43"]
[EventDate "2011.??.??"]
[WhiteTeam "SG Solingen"]
[BlackTeam "München"]
[TimeControl "40/6000+30:20/3000+30:900+30"]

1. d4 d5 2. c4 e6 3. Nc3 Nf6 4. Bg5 Be7 5. e3 h6 6. Bxf6 Bxf6 7. Qb3 c6 8. Nf3
O-O 9. Be2 Nd7 10. O-O dxc4 11. Bxc4 e5 12. d5 Nc5 13. Qc2 b5 14. Be2 b4 15.
Nb5 Qb6 16. dxc6 a6 17. Nc7 Qxc7 18. Qxc5 Bg4 19. Qxb4 Bxf3 20. Bxf3 Rfb8 21.
Qc4 Rxb2 22. Rad1 1-0

[Event "Deutsche Schachbundesliga 2010/11"]
[Site "Germany"]
[Date "2011.04.10"]
[Round "15"]
[White "Bobras, Piotr"]
[Black "Kraemer, Martin"]
[Result "1/2-1/2"]
[ECO "C95"]
[WhiteElo "2535"]
[BlackElo "2516"]
[Annotator "Robot 3"]
[PlyCount "61"]
[EventDate "2011.??.??"]
[WhiteTeam "SG Trier"]
[BlackTeam "SF Berlin"]
[TimeControl "40/6000+30:20/3000+30:900+30"]

1. e4 e5 2. Nf3 Nc6 3. Bb5 a6 4. Ba4 Nf6 5. O-O Be7 6. Re1 b5 7. Bb3 d6 8. c3
O-O 9. h3 Nb8 10. d4 Nbd7 11. Nbd2 Bb7 12. Bc2 Re8 13. Nf1 Bf8 14. Ng3 g6 15.
a4 c5 16. d5 c4 17. Bg5 h6 18. Be3 Nc5 19. Qd2 h5 20. Bg5 Be7 21. Ra3 Nfd7 22.
Be3 Qc7 23. Rea1 Nf6 24. Qd1 Reb8 25. R1a2 Qc8 26. axb5 axb5 27. Rxa8 Rxa8 28.
Rxa8 Bxa8 29. Qa1 Nfd7 30. Qa5 Qa6 31. Qxa6 1/2-1/2

[Event "Deutsche Schachbundesliga 2010/11"]
[Site "Germany"]
[Date "2011.04.10"]
[Round "15"]
[White "Cioara, Andrei-Nestor"]
[Black "Polzin, Rainer"]
[Result "1/2-1/2"]
[ECO "A58"]
[WhiteElo "2426"]
[BlackElo "2494"]
[Annotator "Robot 3"]
[PlyCount "83"]
[EventDate "2011.??.??"]
[WhiteTeam "SG Trier"]
[BlackTeam "SF Berlin"]
[TimeControl "40/6000+30:20/3000+30:900+30"]

1. d4 Nf6 2. c4 g6 3. g3 c5 4. d5 b5 5. cxb5 a6 6. bxa6 Nxa6 7. Nc3 d6 8. Bg2
Bg7 9. Nf3 O-O 10. O-O Bf5 11. Nh4 Bd7 12. h3 Nc7 13. Re1 Nb5 14. Bd2 Qb6 15.
e4 Nd4 16. b3 Ne8 17. f4 Nc7 18. e5 Ncb5 19. Nxb5 Bxb5 20. Bc3 dxe5 21. fxe5
Rad8 22. Qd2 Qb8 23. Bxd4 cxd4 24. Qxd4 Bc6 25. Rad1 Bxd5 26. Bxd5 e6 27. Qc4
exd5 28. Rxd5 Qa7+ 29. Kf1 Rxd5 30. Qxd5 Qxa2 31. Nf3 Qa8 32. Qxa8 Rxa8 33. e6
fxe6 34. Rxe6 Bf8 35. Nd4 Rb8 36. Rc6 Bg7 37. Ne6 Be5 38. g4 Rxb3 39. Rc8+ Kf7
40. Ng5+ Ke7 41. Nxh7 Rxh3 42. Ng5 1/2-1/2

[Event "Deutsche Schachbundesliga 2010/11"]
[Site "Germany"]
[Date "2011.04.10"]
[Round "15"]
[White "Jaracz, Pawel"]
[Black "Miezis, Normunds"]
[Result "1/2-1/2"]
[ECO "B43"]
[WhiteElo "2543"]
[BlackElo "2519"]
[Annotator "Robot 3"]
[PlyCount "51"]
[EventDate "2011.??.??"]
[WhiteTeam "SG Trier"]
[BlackTeam "SF Berlin"]
[TimeControl "40/6000+30:20/3000+30:900+30"]

1. e4 c5 2. Nf3 e6 3. d4 cxd4 4. Nxd4 a6 5. Nc3 Qc7 6. Bd3 Nc6 7. Nxc6 dxc6 8.
O-O e5 9. f4 Nf6 10. Kh1 h5 11. f5 Bc5 12. Qf3 b5 13. a4 Bb7 14. axb5 axb5 15.
Rxa8+ Bxa8 16. Bg5 Bb7 17. Nd1 Kf8 18. Nf2 Qd6 19. Nh3 Bb6 20. c3 Ke7 21. Rd1
Qc7 22. Bh4 Kf8 23. Qe2 Bc5 24. Bc2 Bc8 25. Qd3 Be7 26. Bf2 1/2-1/2

[Event "Deutsche Schachbundesliga 2010/11"]
[Site "Germany"]
[Date "2011.04.10"]
[Round "15"]
[White "Korman, Maxim"]
[Black "Thiede, Lars"]
[Result "1/2-1/2"]
[ECO "B07"]
[WhiteElo "2192"]
[BlackElo "2445"]
[Annotator "Robot 3"]
[PlyCount "89"]
[EventDate "2011.??.??"]
[WhiteTeam "SG Trier"]
[BlackTeam "SF Berlin"]
[TimeControl "40/6000+30:20/3000+30:900+30"]

1. e4 g6 2. d4 Bg7 3. Nc3 d6 4. g3 Nf6 5. Bg2 O-O 6. Nge2 e5 7. O-O a6 8. a4
Nc6 9. h3 exd4 10. Nxd4 Nxd4 11. Qxd4 Re8 12. Qd3 Bd7 13. Be3 Bc6 14. a5 Re7
15. Bd4 Qf8 16. f4 Nd7 17. b4 Rae8 18. g4 Bxd4+ 19. Qxd4 Qg7 20. Qxg7+ Kxg7 21.
g5 f5 22. exf5 gxf5 23. Bxc6 bxc6 24. Kf2 Nf8 25. Rfe1 Ne6 26. Ne2 c5 27. c3
cxb4 28. cxb4 c5 29. h4 Kg6 30. h5+ Kxh5 31. Rh1+ Kg6 32. Rh6+ Kf7 33. Rxh7+
Kg8 34. Rxe7 Rxe7 35. bxc5 Nxc5 36. Rd1 Ne4+ 37. Kf3 Rc7 38. Rd5 Rc5 39. Rxc5
dxc5 40. Ke3 Kf7 41. Kd3 Nd6 42. Nc3 Ke6 43. Na4 Nb7 44. Kc4 Kd6 45. g6 1/2-1/2

[Event "Deutsche Schachbundesliga 2010/11"]
[Site "Germany"]
[Date "2011.04.10"]
[Round "15"]
[White "Lauber, Arnd"]
[Black "Seger, Ruediger"]
[Result "0-1"]
[ECO "D85"]
[WhiteElo "2497"]
[BlackElo "2416"]
[Annotator "Robot 3"]
[PlyCount "90"]
[EventDate "2011.??.??"]
[WhiteTeam "SF Berlin"]
[BlackTeam "SG Trier"]
[TimeControl "40/6000+30:20/3000+30:900+30"]

1. d4 Nf6 2. c4 g6 3. Nc3 d5 4. cxd5 Nxd5 5. Bd2 Nb6 6. Bg5 Bg7 7. e3 c5 8.
dxc5 Bxc3+ 9. bxc3 Qxd1+ 10. Rxd1 N6d7 11. Bb5 Nc6 12. Rd5 a6 13. Ba4 f6 14.
Bh4 Nde5 15. f4 Be6 16. Rd2 Nd7 17. Nf3 Nxc5 18. Bxc6+ bxc6 19. Nd4 Bd7 20. O-O
Rb8 21. Nb3 Ne4 22. Rc2 c5 23. c4 Kf7 24. Ra1 Ba4 25. Kf1 Bxb3 26. axb3 Rxb3
27. Rxa6 Rd8 28. Ke2 Rdd3 29. Bf2 Rdc3 30. Raa2 Nd6 31. Rxc3 Rxc3 32. Be1 Rxc4
33. Kd3 Re4 34. Rc2 c4+ 35. Ke2 Nf5 36. Rc3 Nd4+ 37. Kf2 Nf5 38. Kf3 Nd6 39.
Ra3 f5 40. Ra5 c3 41. Ra3 c2 42. Ra1 Nc4 43. Rc1 Rxe3+ 44. Kf2 Re4 45. g3 Nb2
0-1

[Event "Deutsche Schachbundesliga 2010/11"]
[Site "Germany"]
[Date "2011.04.10"]
[Round "15"]
[White "Maksimenko, Andrei"]
[Black "Cyborowski, Lukasz"]
[Result "1-0"]
[ECO "B38"]
[WhiteElo "2544"]
[BlackElo "2531"]
[Annotator "Robot 3"]
[PlyCount "61"]
[EventDate "2011.??.??"]
[WhiteTeam "SF Berlin"]
[BlackTeam "SG Trier"]
[TimeControl "40/6000+30:20/3000+30:900+30"]

1. Nf3 Nf6 2. c4 g6 3. Nc3 Bg7 4. e4 O-O 5. d4 d6 6. Be2 c5 7. O-O cxd4 8. Nxd4
Nc6 9. Be3 Nxd4 10. Bxd4 Bd7 11. b4 Be6 12. e5 dxe5 13. Bxe5 Qc8 14. Qd4 Rd8
15. Qf4 Ne8 16. Bxg7 Nxg7 17. Rfd1 Rxd1+ 18. Rxd1 Ne8 19. a3 Qb8 20. Qe3 Qc8
21. c5 Nf6 22. Bf3 a6 23. Qe5 a5 24. h3 axb4 25. axb4 Ra3 26. Qd4 Rb3 27. b5
Nd7 28. c6 bxc6 29. bxc6 Nf6 30. Qe5 Rb4 31. Qa5 1-0

[Event "Deutsche Schachbundesliga 2010/11"]
[Site "Germany"]
[Date "2011.04.10"]
[Round "15"]
[White "Markos, Jan"]
[Black "Lupulescu, Constantin"]
[Result "1/2-1/2"]
[ECO "E35"]
[WhiteElo "2566"]
[BlackElo "2617"]
[Annotator "Robot 3"]
[PlyCount "40"]
[EventDate "2011.??.??"]
[WhiteTeam "SF Berlin"]
[BlackTeam "SG Trier"]
[TimeControl "40/6000+30:20/3000+30:900+30"]

1. d4 Nf6 2. c4 e6 3. Nc3 Bb4 4. Qc2 d5 5. cxd5 exd5 6. Bg5 h6 7. Bxf6 Qxf6 8.
a3 Bxc3+ 9. Qxc3 O-O 10. Nf3 Bf5 11. e3 Nd7 12. Be2 c5 13. dxc5 Qxc3+ 14. bxc3
Nxc5 15. Nd4 Be6 16. f3 Rfc8 17. Kd2 Na4 18. Rhb1 Rab8 19. Rb3 Bd7 20. Rab1 b6
1/2-1/2

[Event "Deutsche Schachbundesliga 2010/11"]
[Site "Germany"]
[Date "2011.04.10"]
[Round "15"]
[White "Schneider, Ilja"]
[Black "Kolbus, Dietmar"]
[Result "1/2-1/2"]
[ECO "A45"]
[WhiteElo "2519"]
[BlackElo "2332"]
[Annotator "Robot 3"]
[PlyCount "57"]
[EventDate "2011.??.??"]
[WhiteTeam "SF Berlin"]
[BlackTeam "SG Trier"]
[TimeControl "40/6000+30:20/3000+30:900+30"]

1. d4 Nf6 2. Bg5 e6 3. e4 h6 4. Bxf6 Qxf6 5. Nc3 Bb4 6. Qd3 c5 7. e5 Qd8 8.
O-O-O cxd4 9. Nb5 Nc6 10. Nf3 O-O 11. Nbxd4 d5 12. exd6 Qxd6 13. Qe4 Qd5 14.
Bd3 Qxe4 15. Bxe4 Nxd4 16. Nxd4 a6 17. f4 Ra7 18. Rd3 Be7 19. Rhd1 Bf6 20. Nf3
b5 21. Rd6 Rc7 22. g3 Be7 23. R6d2 Bf6 24. h4 h5 25. Ng5 g6 26. Rd6 Be7 27.
R6d3 Bf6 28. Rd6 Be7 29. R6d3 1/2-1/2